 Dungeon Crawl Stone Soup version 0.30-a0-1043-g60ff8d5f49 (webtiles) character file.

Game seed: 4499914628712842204

295 jimonade the Magician (level 6, -1/44 HPs)
             Began as a Gnoll Hedge Wizard on Apr 10, 2023.
             Slain by an adder (3 damage)
             ... in a sewer.
             The game lasted 00:07:52 (2869 turns).

jimonade the Magician (Gnoll Hedge Wizard)          Turns: 2869, Time: 00:07:53

Health: -1/44      AC:  3    Str: 11    XL:     6   Next: 34%
Magic:  10/16      EV: 10    Int: 13    God:
Gold:   121        SH:  0    Dex: 12    Spells: 14/19 levels left

rFire   . . .      SeeInvis .    a - +1 dagger (vamp)
rCold   . . .      Faith    .    (no shield)
rNeg    . . .      Spirit   .    b - +0 robe
rPois   .          Reflect  .    c - +0 hat
rElec   .          Rampage  .    (no cloak)
rCorr   .                        i - +0 pair of gloves
Will    .....                    (no boots)
Stlth   +++                      (no amulet)
HPRegen 0.27/turn                (no ring)
MPRegen 0.15/turn                (no ring)

@: mighty, constricted
A: fangs 1, strong nose, distributed training
a: no special abilities


You were in a sewer.
You visited 1 branch of the dungeon, and saw 3 of its levels.
You also visited: Sewer.

You collected 121 gold pieces.

Inventory:

Hand Weapons
 a - a +1 vampiric dagger (weapon)
 l - a +0 mace
 m - a +0 spear
 s - a +0 dagger
Missiles
 k - 32 stones
 q - 4 poisoned darts
Armour
 b - a +0 robe (worn)
 c - a +0 hat (worn)
 i - a +0 pair of gloves (worn)
 r - a +0 ring mail
Scrolls
 e - a scroll of amnesia
 f - a scroll of noise {unknown}
 j - a scroll of vulnerability {unknown}
 n - a scroll of teleportation {unknown}
 o - a scroll of brand weapon {unknown}
 p - a scroll of silence {unknown}
 v - a scroll of summoning
Potions
 d - 2 potions of magic
 t - a potion of heal wounds
 u - a potion of brilliance
 w - a potion of attraction {unknown}


   Skills:
 + Level 2.0 Fighting
 + Level 2.0 Short Blades
 + Level 2.0 Long Blades
 + Level 2.0 Axes
 + Level 2.0 Maces & Flails
 + Level 2.0 Polearms
 + Level 2.0 Staves
 + Level 2.0 Ranged Weapons
 + Level 2.0 Throwing
 + Level 2.0 Armour
 + Level 5.0 Dodging
 + Level 4.6 Stealth
 + Level 2.0 Shields
 + Level 2.0 Unarmed Combat
 + Level 7.4 Spellcasting
 + Level 2.6 Conjurations
 + Level 1.5 Hexes
 + Level 2.6 Summonings
 + Level 1.5 Necromancy
 + Level 2.6 Translocations
 + Level 1.5 Transmutations
 + Level 1.5 Fire Magic
 + Level 1.5 Ice Magic
 + Level 1.5 Air Magic
 + Level 1.5 Earth Magic
 + Level 1.5 Poison Magic
 + Level 2.2 Invocations
 + Level 2.0 Evocations


You had 14 spell levels left.
You knew the following spells:

 Your Spells              Type           Power      Damage    Failure   Level
a - Magic Dart            Conj           44%        1d5       4%          1
b - Blink                 Tloc           22%        N/A       8%          2
c - Call Imp              Summ           22%        N/A       8%          2

Your spell library contained the following spells:

 Spells                   Type           Power      Damage    Failure   Level
 Slow                     Hex            32%        N/A       8%          1
 Cigotuvi's Dreadful Rot  Necr/Pois/Air  16%        N/A       12%         2
 Poisonous Vapours        Pois/Air       16%        N/A       12%         2
 Mephitic Cloud           Conj/Pois/Air  9%         N/A       21%         3
 Freezing Cloud           Conj/Ice/Air   4%         6-21      88%         5


Dungeon Overview and Level Annotations

Branches:
Dungeon (3/15)              Sewer (1/1)

Altars:
Kikubaaqudgha

Shops:
D:2 :


Innate Abilities, Weirdness & Mutations

You have very sharp teeth.
Your uncanny sense of smell can sniff out nearby items.
Your experience applies equally to all skills.


Message History

Your cerulean imp closely misses the bullfrog.
The adder bites you but does no damage.
The ball python bites you but does no damage.
The ball python constricts you. The bullfrog hits you!
Your Fighting skill increases to level 2!
Your Short Blades skill increases to level 2!
Your Long Blades skill increases to level 2!
Your Axes skill increases to level 2!
Your Maces & Flails skill increases to level 2!
Your Polearms skill increases to level 2!
Your Staves skill increases to level 2!
Your Ranged Weapons skill increases to level 2!
Your Throwing skill increases to level 2!
Your Armour skill increases to level 2!
Your Dodging skill increases to level 5!
Your Shields skill increases to level 2!
Your Unarmed Combat skill increases to level 2!
Your Evocations skill increases to level 2!
You barely miss the adder.
The adder looks more healthy.
The adder closely misses you. The bullfrog closely misses you.
The adder bites you.
Your cerulean imp hits the bullfrog with a -3 spear.
The ball python closely misses you. The ball python constricts you.
The adder barely misses you.
You miss the adder.
The adder is heavily wounded.
The bullfrog misses you. The adder barely misses you.
Your cerulean imp misses the bullfrog.
The ball python barely misses you. The ball python constricts you.
The adder bites you. The bullfrog hits you!
* * * LOW HITPOINT WARNING * * *
You miss the adder.
The adder is heavily wounded.
The adder bites you.
* * * LOW HITPOINT WARNING * * *
The ball python bites you but does no damage.
The ball python constricts you. The bullfrog hits you.
* * * LOW HITPOINT WARNING * * *
Your cerulean imp barely misses the bullfrog.
The adder bites you.
You die...

###################
..#~≈≈≈≈SS≈≈~≈≈≈≈≈..###
F.~≈≈~≈≈S@.~≈~~~≈~....##
S.~~≈~~~F†~#~~~≈~≈~....#
..~≈~~~~5≈≈≈≈≈~~~~~....#
...≈~≈~~≈≈≈≈≈~~≈≈≈~..†.##
..#~~≈≈≈≈≈≈≈≈≈≈≈≈~......#
# ##################....#
∆∆ ####†..## #..#....# ∆∆
#..'....#


You could see a bullfrog (ally target), 2 adders, a ball python and a friendly
cerulean imp (summoned).

Vanquished Creatures
  A bullfrog (Sewer)
  A howler monkey (D:2)
  3 river rats (Sewer)
  7 adders
  A worm (D:2)
  10 ball pythons
  An endoplasm (D:2)
  3 giant cockroaches
  3 goblins
  4 hobgoblins
  4 bats
  A frilled lizard (D:1)
  4 kobolds
  8 rats (Sewer)
51 creatures vanquished.

Vanquished Creatures (collateral kills)
  2 adders (Sewer)
  2 river rats (Sewer)
  7 ball pythons (Sewer)
  An endoplasm (Sewer)
  2 frilled lizards (Sewer)
  7 rats (Sewer)
21 creatures vanquished.

Grand Total: 72 creatures vanquished

Notes
Turn   | Place    | Note
-------+----------+-------------------------------------------
     0 | D:1      | jimonade the Gnoll Hedge Wizard began the quest for the
                  | Orb.
     0 | D:1      | Reached XP level 1. HP: 13/13 MP: 8/8
   356 | D:1      | Reached XP level 2. HP: 19/19 MP: 7/10
  1168 | D:2      | Found a faded altar of an unknown god.
  1184 | D:2      | Reached XP level 3. HP: 22/25 MP: 4/11
  1199 | D:2      | Reached skill level 1 in Invocations
  1304 | D:2      | Found an ancient bone altar of Kikubaaqudgha.
  1312 | D:2      | Found Faqankif's Book Shoppe.
  1340 | D:2      | Reached skill level 1 in Fighting
  1340 | D:2      | Reached skill level 1 in Short Blades
  1340 | D:2      | Reached skill level 1 in Long Blades
  1340 | D:2      | Reached skill level 1 in Axes
  1340 | D:2      | Reached skill level 1 in Maces & Flails
  1340 | D:2      | Reached skill level 1 in Polearms
  1340 | D:2      | Reached skill level 1 in Staves
  1340 | D:2      | Reached skill level 1 in Ranged Weapons
  1340 | D:2      | Reached skill level 1 in Throwing
  1340 | D:2      | Reached skill level 1 in Armour
  1340 | D:2      | Reached skill level 1 in Shields
  1340 | D:2      | Reached skill level 1 in Unarmed Combat
  1340 | D:2      | Reached skill level 1 in Hexes
  1340 | D:2      | Reached skill level 1 in Necromancy
  1340 | D:2      | Reached skill level 1 in Transmutations
  1340 | D:2      | Reached skill level 1 in Fire Magic
  1340 | D:2      | Reached skill level 1 in Ice Magic
  1340 | D:2      | Reached skill level 1 in Air Magic
  1340 | D:2      | Reached skill level 1 in Earth Magic
  1340 | D:2      | Reached skill level 1 in Poison Magic
  1340 | D:2      | Reached skill level 1 in Evocations
  1340 | D:2      | Reached XP level 4. HP: 28/32 MP: 9/13
  1627 | D:2      | Learned a level 2 spell: Blink
  1630 | D:2      | Learned a level 2 spell: Call Imp
  2041 | D:3      | Found a glowing drain.
  2068 | D:3      | Reached XP level 5. HP: 16/37 MP: 2/14
  2084 | Sewer    | Entered a sewer
  2860 | Sewer    | Reached XP level 6. HP: 44/44 MP: 13/16
  2867 | Sewer    | Reached skill level 5 in Dodging
  2869 | Sewer    | HP: 2/44 [bullfrog (4)]
  2869 | Sewer    | Slain by an adder

Illustrated notes

Levels and vault maps discovered:
D:1:      heliophobic_arrival_dark_side_of_the_moon, layout_loops_ring,
          dreamdust_princess_corridor
D:2:      layout_loops_ring, nicolae_ecumenical_snake_handling, serial_shops,
          nicolae_shop_trees, basic_altar, hangedman_decor_opposing,
          st_stairs_14
D:3:      layout_loops_ring, serial_co_window_serial, co_window_corner_a,
          co_window_of_opportunity_a, co_window_corner_a, co_window_paths_b,
          co_window_corner_a, co_window_corner_ca, co_window_unsneaky_path_d,
          co_window_of_opportunity_b, co_window_2corner,
          co_window_of_opportunity_b, glass_columns_b, gup_sewer_entry_glass,
          minmay_misc_feat_roman, minmay_mini_jars
Sewer:    sewer_minmay_w

Skill      XL: |  1  2  3  4  5  6 |
---------------+-------------------+-----
Conjurations   | 2 |  2.6
Summonings     | 2 |  2.6
Translocations | 2 |  2.6
Invocations    | 1 2 |  2.2
Fighting       | 1 2 |  2.0
Short Blades   | 1 2 |  2.0
Long Blades    | 1 2 |  2.0
Axes           | 1 2 |  2.0
Maces & Flails | 1 2 |  2.0
Polearms       | 1 2 |  2.0
Staves         | 1 2 |  2.0
Ranged Weapons | 1 2 |  2.0
Throwing       | 1 2 |  2.0
Armour         | 1 2 |  2.0
Shields        | 1 2 |  2.0
Unarmed Combat | 1 2 |  2.0
Hexes          | 1 |  1.5
Necromancy     | 1 |  1.5
Transmutations | 1 |  1.5
Fire Magic     | 1 |  1.5
Ice Magic      | 1 |  1.5
Air Magic      | 1 |  1.5
Earth Magic    | 1 |  1.5
Poison Magic   | 1 |  1.5
Evocations     | 1 2 |  2.0
Dodging        | 5 |  5.0
Stealth        | |  4.6
Spellcasting   | |  7.4

Action                     |  1- 3 |  4- 6 || total
---------------------------+-------+-------++-------
  Melee: Spear             |    40 |    11 ||    51
         Dagger            |     3 |   110 ||   113
         Bite              |     1 |    14 ||    15
         Punch             |     1 |     2 ||     3
   Cast: Magic Dart        |    43 |    35 ||    78
         Call Imp          |       |    17 ||    17
    Use: Scroll            |       |     5 ||     5
         Potion            |       |     1 ||     1
   Stab: Sleeping          |     6 |       ||     6
         Distracted        |       |     1 ||     1
 Armour: Robe              |    11 |    35 ||    46
  Dodge: Dodged            |    32 |   138 ||   170

Table legend: (Time is in decaauts)
 A = Elapsed time spent in this place.
 B = Non-inter-level travel time spent in this place.
 C = Inter-level travel time spent in this place.
 D = Time resting spent in this place.
 E = Time spent auto-exploring this place.
 F = Levels seen in this place.
 G = Mean time per level.
                   A        B        C        D        E       F      G
               +--------+--------+--------+--------+--------+-----+--------+
         Total |   2918 |   2859 |     59 |    375 |   1710 |   4 |  729.5 |
       Dungeon |   2084 |   2025 |     59 |      0 |   1660 |   3 |  694.7 |
         Sewer |    833 |    833 |      0 |    375 |     50 |   1 |  833.0 |
               +--------+--------+--------+--------+--------+-----+--------+

Top non-repeatable levels by time:
     D:2: 1072 daAuts
     D:1: 969 daAuts
   Sewer: 833 daAuts
     D:3: 42 daAuts
